 Dungeon Crawl Stone Soup version 0.26-a0-1222-g14533b3512 (webtiles) character file.

Game seed: 18405901047110135506

207 wythoutpain the Chopper (level 5, 0/47 HPs)
             Began as a Minotaur Berserker on Dec 31, 2020.
             Was a Believer of Trog.
             Blown up by Ijyb (16 damage)
             ... with a disintegration bolt
             ... on level 3 of the Dungeon.
             The game lasted 00:06:05 (2015 turns).

wythoutpain the Chopper (Minotaur Berserker)        Turns: 2015, Time: 00:06:06

Health: 0/47       AC:  5    Str: 21    XL:     5   Next: 54%
Magic:  4/4        EV: 12    Int:  4    God:    Trog [**....]
Gold:   183        SH:  0    Dex: 11    Spells: 4/4 levels left

rFire    . . .     SeeInvis .   a - +1 hand axe
rCold    . . .     Faith    .   (no shield)
rNeg     . . .     Spirit   .   h - +0 ring mail {Will+}
rPois    .         Reflect  .   (helmet restricted)
rElec    .         Harm     .   (no cloak)
rCorr    .         Rampage  .   (no gloves)
Will     +....                  (no boots)
Stlth    +.........             k - amulet of magic regeneration
HPRegen  0.15/turn              d - ring of wizardry
MPRegen  0.34/turn              (no ring)

@: no status effects
A: retaliatory headbutt, horns 2
a: Renounce Religion, Berserk, Trog's Hand


You were on level 3 of the Dungeon.
You worshipped Trog.
Trog was pleased with you.
You visited 1 branch of the dungeon, and saw 4 of its levels.

You collected 183 gold pieces.

Inventory:

Hand Weapons
 a - a +1 hand axe (weapon)
Missiles
 j - 9 poisoned darts
 l - 3 boomerangs
Armour
 h - a +0 ring mail of willpower (worn)
Jewellery
 d - a ring of wizardry (left hand)
 k - an amulet of magic regeneration (around neck)
 n - a +4 ring of evasion
Scrolls
 c - 2 scrolls of enchant weapon
 i - a scroll of magic mapping {unknown}
 m - 2 scrolls of identify
Potions
 b - 3 potions of haste {unknown}
 e - a potion of ambrosia {unknown}
 f - a potion of resistance {unknown}
 g - 2 potions of heal wounds {unknown}


   Skills:
 + Level 4.9 Fighting
 + Level 5.8 Axes
 + Level 3.4 Armour
 + Level 2.9 Dodging
 + Level 0.2 Stealth


You had 4 spell levels left.
You didn't know any spells.
Your spell library was empty.

Dungeon Overview and Level Annotations

Branches:
Dungeon (4/15)
 Temple: D:4-7

Altars:
Fedhas
Gozag
Yredelemnul

Annotations:
D:3 Ijyb


Innate Abilities, Weirdness & Mutations

You reflexively headbutt those who attack you in melee.
You have a pair of horns on your head.


Message History

You slash the leopard gecko!
You kill the leopard gecko!
Trog accepts your kill.
You barely miss the quokka. The quokka misses you.
A bat comes into view.
You are too injured to fight recklessly!
You are too injured to fight recklessly!
Your ring mail prevents you from hitting the quokka.
You headbutt the quokka.
The quokka is moderately wounded.
The quokka bites you.
You slash the quokka!
You kill the quokka!
Trog accepts your kill.
You barely miss the bat. The bat barely misses you. You furiously retaliate!
You headbutt the bat.
You kill the bat!
Trog accepts your kill.
Ijyb zaps a wand.
You are blasted!
You die...

##...####.##...##.....
#...............+.....
####..######...##.....
#.........##..........
#.#.#.....###.........
...#.#.####..###........#
..............#..........#
.......####...#..........#
≈≈≈≈≈≈..†@g...#.........P.
≈≈≈≈≈≈.####...###......)))
≈≈>⌠≈≈. ....# ######..._
≈≈._≈≈. ....# #....
≈≈≈≈≈≈. .....# #..PP
.....# ##### ......# ...#


You could see Ijyb.

Vanquished Creatures
  2 orc wizards (D:3)
  Jessica (D:2)
  Terence (D:2)
  A gnoll (D:1)
  3 adders (D:3)
  2 worms (D:2)
  A dart slug (D:1)
  A leopard gecko (D:3)
  6 orcs (D:3)
  4 bats
  2 giant cockroaches
  3 goblins
  5 hobgoblins
  2 jackals (D:2)
  4 quokkas
  3 frilled lizards
  8 kobolds
  5 rats
54 creatures vanquished.

Vanquished Creatures (others)
  8 fungi (D:3)
  2 plants (D:3)
10 creatures vanquished.

Grand Total: 64 creatures vanquished

Notes
Turn   | Place    | Note
-------+----------+-------------------------------------------
     0 | D:1      | wythoutpain the Minotaur Berserker began the quest for the
                  | Orb.
     0 | D:1      | Reached XP level 1. HP: 19/19 MP: 0/0
    96 | D:1      | Reached skill level 4 in Axes
    96 | D:1      | Reached XP level 2. HP: 18/27 MP: 1/1
   614 | D:2      | Noticed Jessica
   627 | D:2      | Killed Jessica
   628 | D:2      | Reached XP level 3. HP: 34/34 MP: 2/2
   630 | D:2      | Found an opulent altar of Gozag.
  1060 | D:2      | Reached ** piety under Trog
  1230 | D:2      | Reached XP level 4. HP: 41/41 MP: 3/3
  1243 | D:2      | Noticed Terence
  1252 | D:2      | Killed Terence
  1253 | D:2      | Reached skill level 5 in Axes
  1502 | D:3      | Reached XP level 5. HP: 28/47 MP: 4/4
  1709 | D:3      | Found a blossoming altar of Fedhas.
  2000 | D:3      | Noticed Ijyb
  2004 | D:3      | Found a basalt altar of Yredelemnul.
  2015 | D:3      | Blown up by Ijyb

Illustrated notes

Levels and vault maps discovered:
D:1:      minmay_arrival_three_doors, layout_basic
D:2:      kennysheep_six_static_rooms, layout_basic, grunt_gozag_statues,
          uniq_terence, uniq_jessica
D:3:      minmay_angry_zag, layout_basic, general_overflow_altar,
          fedhas_altar_3, uniq_ijyb
D:4:      layout_gridville, grunt_temple_overflow_order_and_chaos_2,
          minmay_temple_entry_butterflies, uniq_natasha

Skill      XL: |  1  2  3  4 |
---------------+-------------+-----
Fighting       | 4 |  4.9
Axes           | 4 5 |  5.8
Armour         | 3 |  3.4
Dodging        | |  2.9
Stealth        | |  0.2

Action                   |  1- 3 |  4- 6 || total
-------------------------+-------+-------++-------
Melee: Hand axe          |    59 |    65 ||   124
       Headbutt          |     3 |     9 ||    12
  Use: Scroll            |     4 |       ||     4
Armor: Animal skin       |     2 |       ||     2
       Ring mail         |    22 |    18 ||    40
Dodge: Dodged            |    37 |    40 ||    77

Table legend: (Time is in decaauts)
 A = Elapsed time spent in this place.
 B = Non-inter-level travel time spent in this place.
 C = Inter-level travel time spent in this place.
 D = Time resting spent in this place.
 E = Time spent auto-exploring this place.
 F = Levels seen in this place.
 G = Mean time per level.
                   A        B        C        D        E       F      G
               +--------+--------+--------+--------+--------+-----+--------+
         Total |   2020 |   1996 |     24 |     76 |   1594 |   4 |  505.0 |
       Dungeon |   2020 |   1996 |     24 |     76 |   1594 |   4 |  505.0 |
               +--------+--------+--------+--------+--------+-----+--------+

Top non-repeatable levels by time:
     D:2: 701 daAuts
     D:3: 625 daAuts
     D:1: 615 daAuts
     D:4: 77 daAuts
